 Dungeon Crawl Stone Soup version 0.29.0-4-gdea44cf6ec (webtiles) character file.

Game seed: 150699087080626694

30 qw the Chopper (level 3, -1/21 HPs)
             Began as a Tengu Warper on Aug 28, 2022.
             Killed from afar by Sigmund (4 damage)
             ... with a puff of flame
             ... on level 2 of the Dungeon.
             The game lasted 00:00:08 (1448 turns).

qw the Chopper (Tengu Warper)                       Turns: 1448, Time: 00:00:08

Health: -1/21      AC:  5    Str: 13    XL:     3   Next: 20%
Magic:  7/7        EV: 12    Int: 13    God:
Gold:   59         SH:  5    Dex: 13    Spells: 6/6 levels left

rFire   + . .      SeeInvis .   Y - +0 hand axe
rCold   + . .      Faith    .   (no shield)
rNeg    . . .      Spirit   .   b - +0 leather armour
rPois   .          Reflect  +   i - +1 hat
rElec   .          Harm     .   f - scarf {rC+ rF+}
rCorr   .          Rampage  .   d - +0 pair of gloves
Will    .....                   (boots unavailable)
Stlth   +.........              k - amulet of reflection
HPRegen 0.07/turn               (no ring)
MPRegen 0.10/turn               (no ring)

@: no status effects
A: beak, talons 3
a: no special abilities


You were on level 2 of the Dungeon.
You visited 1 branch of the dungeon, and saw 2 of its levels.

You collected 59 gold pieces.


Innate Abilities, Weirdness & Mutations

You have a beak for a mouth.
You have claws for feet.


   Skills:
 - Level 2.0 Fighting
 + Level 3.9 Axes
 - Level 1.0 Throwing
 - Level 1.1 Armour
 - Level 2.1 Dodging
 - Level 2.0 Spellcasting
 - Level 2.4 Translocations


You had 6 spell levels left.
You didn't know any spells.
Your spell library contained the following spells:

 Spells                   Type           Power      Damage    Failure   Level
 Blink                    Tloc           14%        N/A       19%         2
 Gell's Gravitas          Tloc           7%         N/A       36%         3
 Lesser Beckoning         Tloc           7%         N/A       36%         3
 Teleport Other           Tloc           7%         N/A       36%         3
 Manifold Assault         Tloc           7%         N/A       98%         5

Inventory:

Hand Weapons
 l - a +0 whip
 Y - a +0 hand axe (weapon)
Armour
 b - a +0 leather armour (worn)
 d - a +0 pair of gloves (worn)
 f - a scarf of resistance (worn)
 i - a +1 hat (worn)
Jewellery
 k - an amulet of reflection (around neck)
Potions
 e - a potion of degeneration {unknown}
 g - a potion of flight {unknown}
 j - a potion of haste {unknown}
 m - a potion of brilliance {unknown}

Dungeon Overview and Level Annotations

Branches:
Dungeon (2/15)

Altars:

Annotations:
D:2 Sigmund


Message History

Sigmund the Dreaded comes into view.
He is wielding a +0 scythe, wearing a +1 robe of willpower and carrying a wand of flame (9).
Sigmund says, "Don't worry, I'll kill you fast."
Things that are here:
a +2 dagger of venom; 2 stones
Found 3 gold pieces.
Sigmund zaps a wand.
The puff of flame hits you. You resist.
1425 ||| FLEEEEING.
Things that are here:
a +2 dagger of venom; 2 stones
1426 ||| FLEEEEING.
Sigmund zaps a wand.
The puff of flame hits you. You resist.
1427 ||| FLEEEEING.
1432 ||| FLEEEEING.
1433 ||| FLEEEEING.
1434 ||| FLEEEEING.
Sigmund gestures at you while chanting.
You are confused.
You're too confused to move!
Sigmund zaps a wand.
The puff of flame hits you. You resist.
You bump into the rock wall.
You bump into the rock wall.
You feel less confused. You block Sigmund's attack.
Sigmund zaps a wand.
The puff of flame misses you.
You closely miss Sigmund.
Sigmund points at you and mumbles some strange words.
You are confused.
You bump into the rock wall.
Sigmund hits you with a +0 scythe.
You bump into the rock wall.
You bump into the rock wall.
Sigmund zaps a wand.
The puff of flame hits you. You resist.
You bump into the rock wall.
Sigmund barely misses you.
You hit Sigmund but do no damage.
You feel less confused.
Sigmund zaps a wand.
The puff of flame hits you. You resist.
You closely miss Sigmund. Your kick misses Sigmund.
Sigmund zaps a wand.
The puff of flame hits you. You resist.
You die...

#.....##.# #........#
#....@.#.# #......#.#
#......#.# #......#.#
#...#
###.)##############
#.........@@......#
#...###############.#
....# ####.# ....
#....# ... #.#### .#
#.# #.# #.# #.#


You could see Sigmund.

Vanquished Creatures
  3 ball pythons (D:1)
  3 endoplasms (D:1)
  2 giant cockroaches (D:1)
  3 goblins (D:1)
  A hobgoblin (D:1)
  2 quokkas (D:1)
  3 bats (D:1)
  2 frilled lizards (D:1)
  3 kobolds
  6 rats (D:1)
28 creatures vanquished.

Notes
Turn   | Place    | Note
-------+----------+-------------------------------------------
     0 | D:1      | qw the Tengu Warper began the quest for the Orb.
     0 | D:1      | Reached XP level 1. HP: 12/12 MP: 4/4
     0 | D:1      | 0 ||| qw: Version: 0.1-a-89-g26bdef1
     0 | D:1      | 0 ||| qw: Game counter: 1585
     0 | D:1      | 0 ||| qw: Always use a shield: true
     0 | D:1      | 0 ||| qw: God list: Okawaru
     0 | D:1      | 0 ||| qw: Allow faded altars: false
     0 | D:1      | 0 ||| qw: Do Orc after D:15 true
     0 | D:1      | 0 ||| qw: Do second Lair branch before Depths: true
     0 | D:1      | 0 ||| qw: Lair rune preference: random
     0 | D:1      | 0 ||| qw: Plans: Normal
     0 | D:1      | 0 ||| PLANNING D:1-11
    65 | D:1      | 65 ||| Stepping ~*~*~tactically~*~*~ (stealth).
   106 | D:1      | 106 ||| Stepping ~*~*~tactically~*~*~ (stealth).
   108 | D:1      | 108 ||| Stepping ~*~*~tactically~*~*~ (stealth).
   120 | D:1      | Reached XP level 2. HP: 15/17 MP: 6/6
   171 | D:1      | Reached skill level 3 in Axes
   182 | D:1      | 182 ||| Stepping ~*~*~tactically~*~*~ (stealth).
   228 | D:1      | 228 ||| Stepping ~*~*~tactically~*~*~ (stealth).
   289 | D:1      | 289 ||| Stepping ~*~*~tactically~*~*~ (stealth).
   290 | D:1      | 290 ||| Stepping ~*~*~tactically~*~*~ (stealth).
   331 | D:1      | 331 ||| Stepping ~*~*~tactically~*~*~ (stealth).
   333 | D:1      | 333 ||| Stepping ~*~*~tactically~*~*~ (stealth).
   337 | D:1      | 337 ||| Stepping ~*~*~tactically~*~*~ (stealth).
   493 | D:1      | Found a faded altar of an unknown god.
   767 | D:1      | Reached XP level 3. HP: 21/21 MP: 7/7
   774 | D:1      | 774 ||| Stepping ~*~*~tactically~*~*~ (stealth).
   825 | D:1      | 825 ||| DROPPING +0 club.
  1142 | D:1      | 1142 ||| UPGRADING to +0 pair of gloves.
  1147 | D:1      | 1147 ||| UPGRADING to scarf of resistance.
  1152 | D:1      | 1152 ||| UPGRADING to +1 hat.
  1157 | D:1      | 1157 ||| UPGRADING to amulet of reflection.
  1162 | D:1      | 1162 ||| READING scroll labelled UTOGGUPHYI.
  1163 | D:1      | 1163 ||| DROPPING scroll of blinking.
  1423 | D:2      | Noticed Sigmund
  1425 | D:2      | 1425 ||| FLEEEEING.
  1426 | D:2      | 1426 ||| FLEEEEING.
  1427 | D:2      | 1427 ||| FLEEEEING.
  1432 | D:2      | 1432 ||| FLEEEEING.
  1433 | D:2      | 1433 ||| FLEEEEING.
  1434 | D:2      | 1434 ||| FLEEEEING.
  1447 | D:2      | HP: 3/21 [Sigmund/puff of flame (3)]
  1448 | D:2      | Killed from afar by Sigmund

Levels and vault maps discovered:
D:1:      heliophobic_arrival_battle_scene, layout_loops_ring,
          hellmonk_ecumenical_altar_crossroads, minmay_pentomino_p4
D:2:      layout_basic, uniq_sigmund, uniq_terence, uniq_jessica

Skill      XL: |  1  2 |
---------------+-------+-----
Axes           | 3 |  3.9
Fighting       | |  2.0
Throwing       | |  1.0
Armour         | |  1.1
Dodging        | |  2.1
Spellcasting   | |  2.0
Translocations | |  2.4

Action                   || total
-------------------------++-------
Melee: Hand axe          ||    68
       Peck              ||    10
       Kick              ||    11
Throw: Boomerang         ||     7
  Use: Scroll            ||     1
Armor: Leather armour    ||    12
Dodge: Dodged            ||    33
Block: Other             ||     1

Table legend:
 A = Non-vault XP
 B = Vault XP
 C = Vault XP percentage of total XP
 D = Non-vault monster count
 E = Vault monster count
 F = Vault count percentage of total count
                 A         B        C        D         E       F
            +---------+---------+-------+---------+---------+-------
      Total |      39 |       5 |  11.4 |      24 |       4 |  14.3
            +---------+---------+-------+---------+---------+-------
        D:1 |      37 |       5 |  11.9 |      23 |       4 |  14.8
        D:2 |       2 |       0 |   0.0 |       1 |       0 |   0.0
            +---------+---------+-------+---------+---------+-------
